 Dungeon Crawl Stone Soup version 0.20-a0-151-g755e310 (webtiles) character file.

105 zdt the Skirmisher (level 4, 0/28 HPs)
             Began as a Gargoyle Gladiator on Nov 22, 2016.
             Slain by a gnoll
             ... wielding a +0 club
              (2 damage)
             ... on level 2 of the Dungeon.
             The game lasted 00:03:33 (1489 turns).

zdt the Skirmisher (Gargoyle Gladiator)             Turns: 1489, Time: 00:03:34

Health: 0/28       AC:  7    Str: 19    XL:     4   Next: 81%
Magic:  0/4        EV: 12    Int:  8    God:
Gold:   52         SH:  0    Dex: 11    Spells: 3/3 levels left

rFire  . . .     SeeInvis .     a - +0 war axe
rCold  . . .     Gourm    .     b - +0 leather armour
rNeg   + . .     Faith    .     (no shield)
rPois  ∞         Spirit   +     c - +0 helmet
rElec  +         Reflect  .     (no cloak)
rCorr  .         Harm     .     (no gloves)
MR     .....                    (no boots)
Stlth  +.........               i - amulet of guardian spirit
                                (no ring)
                                (no ring)

@: no status effects
A: negative energy resistance 1, electricity resistance, unbreathing,
petrification resistance, rot immunity, AC +3
a: no special abilities


You were on level 2 of the Dungeon.
You were not hungry.

You visited 1 branch of the dungeon, and saw 2 of its levels.

You collected 52 gold pieces.

Inventory:

Hand Weapons
 a - a +0 war axe (weapon)
Missiles
 d - 3 throwing nets
 n - 4 tomahawks (quivered)
Armour
 b - a +0 leather armour (worn)
 c - a +0 helmet (worn)
Jewellery
 i - an amulet of guardian spirit (around neck)
Scrolls
 e - a scroll of enchant armour {unknown}
 g - 3 scrolls of identify
 h - a scroll of remove curse
 j - 3 scrolls of fear {unknown}
 k - a scroll of amnesia {unknown}
 l - 2 scrolls of recharging {unknown}
 m - a scroll of immolation {unknown}
 t - a scroll of teleportation {unknown}
 u - a scroll of magic mapping {unknown}
Potions
 o - a potion of haste
 p - a potion of invisibility {unknown}
 q - a potion of degeneration {unknown}
 r - a potion of might {unknown}
 v - a potion of heal wounds {unknown}
Comestibles
 f - 2 bread rations
 s - 8 fruits
 w - a chunk of flesh


   Skills:
 + Level 3.5 Fighting
 + Level 3.3 Axes
 - Level 1.7 Throwing
 + Level 1.6 Armour
 + Level 3.0 Dodging


You had 3 spell levels left.
You didn't know any spells.

Dungeon Overview and Level Annotations

Branches:
Dungeon (2/15)

Altars:
Gozag


Innate Abilities, Weirdness & Mutations

You are resistant to torment.
Your stone body is resilient. (AC +3)
You are immune to poison.
You resist negative energy. (rN+)
You are resistant to electric shocks. (rElec)
You can survive without breathing.
You are immune to petrification.
You are immune to rotting.


Message History

You barely miss the gnoll. The gnoll hits you but does no damage.
The gnoll hits you with a spear! The gnoll closely misses you.
You are too injured to fight recklessly!
You are too injured to fight recklessly!
You are too injured to fight recklessly!
You slash the gnoll!
You kill the gnoll!
You completely miss the gnoll. You hit the gnoll.
The gnoll hits you with a club. The gnoll hits you with a spear!
* * * LOW HITPOINT WARNING * * *
Okay, then.
Okay, then.
You barely miss the gnoll.
The gnoll is lightly wounded.
You hit the gnoll. The gnoll barely misses you. The gnoll misses you.
You slash the gnoll!
You kill the gnoll!
You completely miss the gnoll. The gnoll hits you but does no damage.
The gnoll hits you with a club.
You die...

## .. #.#########
###....)@g..##########
.......)###..........#
....###..............#
#.# ###............#
#.#
####.............##
#.#
...................#
#.#
#######.#..........#
#.# #.#..........##
#.# #.#...........##


You could see a gnoll.

Vanquished Creatures
  2 adders (D:2)
  3 gnolls (D:2)
  An ooze (D:1)
  2 worms (D:2)
  2 dart slugs (D:2)
  7 bats
  2 giant cockroaches (D:1)
  2 goblins
  11 hobgoblins
  A ball python (D:2)
  6 frilled lizards
  5 kobolds
  3 rats
47 creatures vanquished.

Notes
Turn   | Place    | Note
-------+----------+-------------------------------------------
     0 | D:1      | zdt the Gargoyle Gladiator began the quest for the Orb.
     0 | D:1      | Reached XP level 1. HP: 12/12 MP: 1/1
   160 | D:1      | Reached XP level 2. HP: 13/18 MP: 2/2
   641 | D:2      | Reached XP level 3. HP: 20/22 MP: 3/3
   871 | D:2      | Found an opulent altar of Gozag.
   932 | D:2      | Reached skill level 1 in Armour
   932 | D:2      | Reached XP level 4. HP: 28/28 MP: 4/4
  1489 | D:2      | Slain by a gnoll

Vault maps used:
D:1:      doesnt_arrival_goblin_jail
D:2:      grunt_gozag_breadcrumbs

Skill      XL: |  1  2  3  4 |
---------------+-------------+-----
Axes           | 3 |  3.3
Fighting       | 3 |  3.5
Armour         | 1 |  1.6
Dodging        | 3 |  3.0
Throwing       | |  1.7

Action                   |  1- 3 |  4- 6 || total
-------------------------+-------+-------++-------
Melee: War axe           |   101 |    31 ||   132
  Use: Scroll            |       |     2 ||     2
  Eat: Chunk             |       |     2 ||     2
Armor: Leather armour    |    55 |    16 ||    71
Dodge: Dodged            |    71 |    22 ||    93
